 Dungeon Crawl Stone Soup version 0.28.0-47-ge53b351184 (webtiles) character file.

Game seed: 12279776697778090544

110 warriortoast the Magician (level 4, -5/24 HPs)
             Began as a Deep Elf Hedge Wizard on Apr 26, 2022.
             Slain by a sky beast (6 damage)
             ... on level 3 of the Dungeon.
             The game lasted 00:13:47 (3417 turns).

warriortoast the Magician (Deep Elf Hedge Wizard)   Turns: 3417, Time: 00:13:49

Health: -5/24      AC:  3    Str:  7    XL:     4   Next: 61%
Magic:  13/22      EV: 12    Int: 21    God:
Gold:   86         SH:  0    Dex: 14    Spells: 4/14 levels left

rFire   . . .      SeeInvis .   e - staff of conjuration
rCold   . . .      Faith    .   (no shield)
rNeg    . . .      Spirit   .   b - +0 robe
rPois   .          Reflect  .   q - +0 helmet
rElec   .          Harm     .   (no cloak)
rCorr   .          Rampage  .   (no gloves)
Will    .....                   (no boots)
Stlth   ++........              (no amulet)
HPRegen 0.08/turn               h - ring of magical power
MPRegen 0.18/turn               (no ring)

@: very slightly contaminated
A: no striking features
a: no special abilities


You were on level 3 of the Dungeon.
You visited 1 branch of the dungeon, and saw 3 of its levels.

You collected 86 gold pieces.

Inventory:

Hand Weapons
 a - a +0 dagger
Armour
 b - a +0 robe (worn)
 c - a +0 hat
 q - a +0 helmet (worn)
Magical Staves
 e - a staff of conjuration (weapon)
Jewellery
 h - a ring of magical power (left hand)
 u - an amulet of faith
Scrolls
 d - a scroll of immolation {unknown}
 f - 2 scrolls of vulnerability {unknown}
 m - 4 scrolls of identify {unknown}
 p - a scroll of magic mapping {unknown}
 t - a scroll of teleportation {unknown}
Potions
 g - a potion of curing {unknown}
 i - 2 potions of resistance {unknown}
 j - a potion of brilliance {unknown}
 k - a potion of heal wounds {unknown}
 l - 2 potions of lignification {unknown}
 n - 2 potions of might {unknown}
 o - a potion of haste {unknown}
 r - a potion of magic {unknown}
 s - a potion of flight {unknown}


   Skills:
 - Level 2.7 Dodging
 - Level 2.5 Stealth
 + Level 5.8 Spellcasting
 + Level 2.2 Conjurations
 - Level 1.2 Summonings
 + Level 2.1 Translocations
 + Level 0.7 Fire Magic
 + Level 1.3 Poison Magic


You had 4 spell levels left.
You knew the following spells:

 Your Spells              Type           Power      Damage    Failure   Level
a - Magic Dart            Conj           92%        1d7       4%          1
b - Blink                 Tloc           30%        N/A       6%          2
c - Foxfire               Conj/Fire      72%        2x1d7     5%          1
d - Mephitic Cloud        Conj/Pois/Air  16%        N/A       19%         3
e - Conjure Flame         Conj/Fire      18%        6-21      16%         3

Your spell library contained the following spells:

 Spells                   Type           Power      Damage    Failure   Level
 Call Imp                 Summ           11%        N/A       9%          2
 Slow                     Hex            24%        N/A       10%         1
 Static Discharge         Conj/Air       16%        N/A       10%         2
 Inner Flame              Hex/Fire       7%         N/A       26%         3
 Confusing Touch          Hex            6%         N/A       30%         3
 Vampiric Draining        Necr           6%         2d6       30%         3
 Flame Wave               Conj/Fire      18%        2d6       47%         4
 Lightning Bolt           Conj/Air       8%         1d20      87%         5
 Maxwell's Capacitive Co  Air            3%         ∞         100%        8


Dungeon Overview and Level Annotations

Branches:
Dungeon (3/15)

Altars:
Makhleb

Shops:
D:2 !


Message History

The sky beast is heavily wounded.
The foxfire hits the sky beast.
The sky beast is heavily wounded.
Casting: Foxfire (safe; 5% risk of failure)
Confirm with . or Enter, or press ? or * to list all spells.
Aiming: Magic Dart (safe; 4% risk of failure)
Press: ? - help, Shift-Dir - straight line, f - sky beast
Aim: a sky beast (heavily wounded, 100% to hit)
You feel a surge of power!
The magic dart hits the sky beast but does no damage.
The sky beast is heavily wounded.
The sky beast flickers out of sight!
Deactivating autopickup; reactivate with Ctrl-A.
Something hits you. Something shocks you.
Unknown command.
You feel a surge of power!
You miscast Foxfire.
You are very lightly contaminated with residual magic.
Nothing appears to happen.
Something hits you. Something shocks you.
You are too injured to fight recklessly!
Casting: Foxfire (safe; 5% risk of failure)
Confirm with . or Enter, or press ? or * to list all spells.
You feel a surge of power!
You conjure some foxfire!
Something hits you.
* * * LOW HITPOINT WARNING * * *
Something shocks you.
* * * LOW HITPOINT WARNING * * *
The foxfire hits something but does no damage.
The foxfire hits something.
Casting: Foxfire (safe; 5% risk of failure)
Confirm with . or Enter, or press ? or * to list all spells.
You feel a surge of power!
You conjure some foxfire!
A sky beast appears from thin air!
Reactivating autopickup.
The sky beast hits you but does no damage.
Your foxfire dissipates!
The foxfire hits the sky beast but does no damage.
The sky beast is severely wounded.
The sky beast hits you.
* * * LOW HITPOINT WARNING * * *
The sky beast shocks you.
You die...

###.....###### #.#
.##..........# #.#
.##.....####.# #.#
.##.....####.###.#
.##........#.##..#
.##.....##.#.##.###
.............##...#
..#####.##.####.#.######
........#.......@Y§....#
.....##.#..##..####.##.###
#..#.......##.##
##.#...########
#.......#####.#
#.#..........> ##......#
#.# #.#.<.########
###...## #.# #.#.### ##
#...# ##.# #.#.# #.
#...#####..## .##.# #.
#...........######..######
#.


You could see a sky beast.

Vanquished Creatures
  3 gnolls (D:2)
  3 adders (D:3)
  A dart slug (D:2)
  A worm (D:1)
  An orc (D:3)
  3 ball pythons
  5 endoplasms
  2 giant cockroaches (D:1)
  3 goblins
  2 hobgoblins (D:1)
  4 jackals (D:2)
  6 kobolds
  4 quokkas (D:2)
  2 bats (D:2)
  3 frilled lizards
  5 rats
48 creatures vanquished.

Vanquished Creatures (others)
  75 foxfires
75 creatures vanquished.

Grand Total: 123 creatures vanquished

Notes
Turn   | Place    | Note
-------+----------+-------------------------------------------
     0 | D:1      | warriortoast the Deep Elf Hedge Wizard began the quest for
                  | the Orb.
     0 | D:1      | Reached XP level 1. HP: 10/10 MP: 7/7
   426 | D:1      | Reached XP level 2. HP: 15/15 MP: 7/9
   691 | D:1      | Reached skill level 5 in Spellcasting
  1465 | D:1      | Learned a level 2 spell: Blink
  1499 | D:2      | Learned a level 1 spell: Foxfire
  1645 | D:2      | Found Jialyfa's Distillery.
  1661 | D:2      | Reached XP level 3. HP: 8/19 MP: 11/11
  2047 | D:2      | Found a faded altar of an unknown god.
  2054 | D:2      | Learned a level 3 spell: Mephitic Cloud
  2391 | D:2      | Reached skill level 1 in Poison Magic
  2391 | D:2      | Reached XP level 4. HP: 14/24 MP: 8/13
  2473 | D:2      | Learned a level 3 spell: Conjure Flame
  3246 | D:3      | Found a burning altar of Makhleb.
  3402 | D:3      | Noticed a sky beast
  3417 | D:3      | HP: 1/24 [sky beast (1)]
  3417 | D:3      | Slain by a sky beast

Illustrated notes

Levels and vault maps discovered:
D:1:      amcnicky_arrival_abandoned_market, layout_loops_ring,
          kennysheep_another_room
D:2:      layout_rooms, basic_ecumenical_altar, serial_shops, shop,
          minmay_cut_off
D:3:      layout_loops_cross, lightli_temple_of_fire, chei_slow_surprise

Skill      XL: |  1  2  3  4 |
---------------+-------------+-----
Spellcasting   | 5 |  5.8
Poison Magic   | 1 |  1.3
Conjurations   | 2 |  2.2
Translocations | 2 |  2.1
Dodging        | |  2.7
Stealth        | |  2.5
Summonings     | |  1.2
Fire Magic     | |  0.7

Action                   |  1- 3 |  4- 6 || total
-------------------------+-------+-------++-------
 Cast: Magic Dart        |    70 |    26 ||    96
       Foxfire           |    44 |    14 ||    58
       Blink             |     4 |       ||     4
Armor: Robe              |     3 |     1 ||     4
Dodge: Dodged            |    15 |     1 ||    16
